 Dungeon Crawl Stone Soup version 0.28-a0-514-g0d7ab7f379 (webtiles) character file.

Game seed: 12421431230396129514

16 TrogsFancyHat the Skirmisher (level 2, 0/25 HPs)
             Began as a Formicid Abyssal Knight on Sept 22, 2021.
             Was a Follower of Lugonu.
             Slain by an adder (1 damage)
             ... on level 4 of the Dungeon.
             The game lasted 00:01:21 (1170 turns).

TrogsFancyHat the Skirmisher (FoAK)                 Turns: 1170, Time: 00:01:21

Health: 0/25       AC:  3    Str: 17    XL:     2   Next: 75%
Magic:  3/3        EV: 11    Int:  9    God:    Lugonu [*.....]
Gold:   44         SH:  0    Dex: 11    Spells: 1/1 levels left

rFire   . . .      SeeInvis +   a - +1 hand axe
rCold   . . .      Faith    .   (no shield)
rNeg    . . .      Spirit   .   b - +0 leather armour
rPois   .          Reflect  .   (helmet unavailable)
rElec   .          Harm     .   (no cloak)
rCorr   .          Rampage  .   (no gloves)
Will    .....                   (no boots)
Stlth   +.........              (no amulet)
HPRegen 0.08/turn               (no ring)
MPRegen 0.08/turn               (no ring)

@: no status effects
A: permanent stasis, dig shafts and tunnels, antennae 3, four strong arms
a: Dig, Shaft Self, Renounce Religion, Depart the Abyss


You were on level 4 of the Dungeon.
You worshipped Lugonu.
Lugonu was aware of your devotion.
You visited 1 branch of the dungeon, and saw 3 of its levels.
You visited the Abyss 1 time.

You collected 44 gold pieces.

Inventory:

Hand Weapons
 a - a +1 hand axe (weapon)
Armour
 b - a +0 leather armour (worn)
Jewellery
 f - a ring of flight
Scrolls
 c - a scroll of teleportation {unknown}
 d - a scroll of vulnerability {unknown}
 g - a scroll of fear {unknown}
Potions
 e - 2 potions of curing {unknown}


   Skills:
 + Level 3.7 Fighting
 + Level 2.3 Axes
 + Level 2.3 Armour
 + Level 0.9 Dodging
 + Level 2.4 Invocations


You had one spell level left.
You didn't know any spells.
Your spell library was empty.

Dungeon Overview and Level Annotations

Branches:
Dungeon (2/15)

Altars:
Zin

Shops:
D:4 *


Innate Abilities, Weirdness & Mutations

You cannot be hasted, slowed, berserked, paralysed or teleported.
You can dig through walls and to a lower floor.
You have a pair of large antennae on your head. (SInv)
Your four strong arms can wield two-handed weapons with a shield.


Message History

You are too injured to fight recklessly!
You are too injured to fight recklessly!
You are too injured to fight recklessly!
You are too injured to fight recklessly!
You are too injured to fight recklessly!
You are too injured to fight recklessly!
You are too injured to fight recklessly!
You are too injured to fight recklessly!
You are too injured to fight recklessly!
You are too injured to fight recklessly!
You are too injured to fight recklessly!
You are too injured to fight recklessly!
You are too injured to fight recklessly!
You are too injured to fight recklessly!
You are too injured to fight recklessly!
You are too injured to fight recklessly!
You are too injured to fight recklessly!
You are too injured to fight recklessly!
You are too injured to fight recklessly!
You are too injured to fight recklessly!
You are too injured to fight recklessly!
You are too injured to fight recklessly!
You feel sick.
You feel sick. The adder bites you but does no damage.
You feel sick.
You feel sick. The adder bites you.
* * * LOW HITPOINT WARNING * * *
You barely miss the adder.
The adder is severely wounded.
You feel sick.
You are no longer poisoned.
The adder bites you.
* * * LOW HITPOINT WARNING * * *
You hit the adder.
The adder is almost dead.
The adder bites you but does no damage. x2
You closely miss the adder.
The adder is almost dead.
The adder bites you.
You die...

{ #.. #.# #
#.####)##<#
#.........#
#w# #h# ###
{ #K###.##
{{{
#S##.#.##
{{{
#@#.###.## {
#..## ##.#
###.###.##
##.#.##
##.## #.#
### #.###
##.####...#
#....#..#.##


You could see an adder, a dart slug, a jackal and a kobold.

Vanquished Creatures
  3 goblins (D:1)
  A hobgoblin (D:1)
  4 bats
  3 frilled lizards (D:1)
  3 kobolds
  4 rats (D:1)
18 creatures vanquished.

Notes
Turn   | Place    | Note
-------+----------+-------------------------------------------
     0 | Abyss:1  | TrogsFancyHat the Formicid Abyssal Knight began the quest
                  | for the Orb.
     0 | Abyss:1  | Reached XP level 1. HP: 18/18 MP: 2/2
    83 | Abyss:1  | Noticed a tentacled starspawn
    90 | D:1      | Escaped the Abyss
   482 | D:1      | Reached * piety under Lugonu
   489 | D:1      | Reached XP level 2. HP: 24/24 MP: 3/3
   516 | D:1      | Found a faded altar of an unknown god.
  1127 | D:2      | You fall into a shaft and drop 2 floors!
  1129 | D:4      | Found Zin's Purification Station.
  1132 | D:4      | Found a glowing silver altar of Zin.
  1168 | D:4      | HP: 1/25 [adder (3)]
  1170 | D:4      | Slain by an adder

Illustrated notes

Levels and vault maps discovered:
D:1:      wander_arrival_abandoned_jail, layout_loops_corners,
          basic_ecumenical_altar
D:2:      layout_loops_ring
D:4:      cheibrodos_fertilizer, layout_loops_cross, zin_purify,
          chequers_temple_overflow_minitemple, serial_shops,
          nicolae_shop_overgrown_old_shop, uniq_menkaure, uniq_duvessa,
          uniq_robin

Action                   || total
-------------------------++-------
Melee: Hand axe          ||    64
Invok: Depart the Abyss  ||     1
Armor: Leather armour    ||    25
Dodge: Dodged            ||    37

Table legend: (Time is in decaauts)
 A = Elapsed time spent in this place.
 B = Non-inter-level travel time spent in this place.
 C = Inter-level travel time spent in this place.
 D = Time resting spent in this place.
 E = Time spent auto-exploring this place.
 F = Levels seen in this place.
 G = Mean time per level.
                   A        B        C        D        E       F      G
               +--------+--------+--------+--------+--------+-----+--------+
         Total |   1181 |   1154 |     27 |      0 |    970 |   4 |  295.2 |
       Dungeon |   1091 |   1064 |     27 |      0 |    899 |   3 |  363.7 |
         Abyss |     90 |     90 |      0 |      0 |     71 |   1 |   90.0 |
               +--------+--------+--------+--------+--------+-----+--------+

Top non-repeatable levels by time:
     D:1: 1036 daAuts
 Abyss:1: 90 daAuts
     D:4: 43 daAuts
     D:2: 11 daAuts
